 Dungeon Crawl Stone Soup version 0.25.1-2-g60ff931df9 (webtiles) character file.

Game seed: 3399750441504092143

30 sagitran the Gusty (level 3, -2/19 HPs)
             Began as a Tengu Air Elementalist on Aug 1, 2020.
             Killed themself with a bounced zap (5 damage)
             ... on level 2 of the Dungeon.
             The game lasted 00:10:20 (1170 turns).

sagitran the Gusty (Tengu Air Elementalist)         Turns: 1170, Time: 00:10:21

Health: -2/19      AC:  2    Str:  8    XL:     3   Next: 18%
Magic:  5/7        EV: 13    Int: 16    God:
Gold:   62         SH:  0    Dex: 14    Spells: 5/6 levels left

rFire    . . .     SeeInvis .   l - +0 long sword
rCold    . . .     Gourm    .   (no shield)
rNeg     . . .     Faith    .   a - +0 robe
rPois    .         Spirit   .   (helmet restricted)
rElec    .         Reflect  .   (no cloak)
rCorr    .         Harm     .   (no gloves)
MR       +....                  (boots unavailable)
Stlth    ++........             i - amulet of magic regeneration
HPRegen  0.06/turn              j - ring of protection from magic
MPRegen  0.35/turn              (no ring)

@: no status effects
A: beak, talons 3
a: no special abilities


You were on level 2 of the Dungeon.
You were not hungry.

You visited 1 branch of the dungeon, and saw 2 of its levels.

You collected 62 gold pieces.

Inventory:

Hand Weapons
 l - a +0 long sword (weapon)
Armour
 a - a +0 robe (worn)
Jewellery
 i - an amulet of magic regeneration (around neck)
 j - a ring of protection from magic (left hand)
Scrolls
 d - a scroll of fear {unknown}
 e - a scroll of enchant weapon {unknown}
 g - a scroll of identify {unknown}
 k - a scroll of amnesia {unknown}
Potions
 f - a potion of curing {unknown}
 h - 2 potions of lignification {unknown}
Comestibles
 b - a chunk of flesh
 c - 3 rations


   Skills:
 + Level 0.2 Fighting
 + Level 2.6 Dodging
 + Level 2.1 Stealth
 + Level 2.1 Spellcasting
 + Level 1.8 Conjurations
 + Level 4.7 Air Magic


You had 5 spell levels left.
You knew the following spells:

 Your Spells              Type           Power        Failure   Level  Hunger
a - Shock                 Conj/Air       ##..         5%          1    #......

Your spell library contained the following spells:

 Spells                   Type           Power        Failure   Level  Hunger
 Swiftness                Chrm/Air       #.......     12%         2    ###....
 Static Discharge         Conj/Air       ##......     16%         3    ###....
 Airstrike                Air            ###.......   28%         4    #####..
 Lightning Bolt           Conj/Air       ##........   82%         5    ######.


Dungeon Overview and Level Annotations

Branches:
Dungeon (2/15)

Altars:
Kikubaaqudgha


Innate Abilities, Weirdness & Mutations

You have a beak for a mouth.
You have claws for feet.


Message History

Aim: a quokka (severely wounded)
The zap hits the quokka.
The quokka is almost dead.
The quokka bites you.
* * * LOW HITPOINT WARNING * * *
Casting: Shock (safe; 5% risk of failure)
Confirm with . or Enter, or press ? or * to list all spells.
Aiming: Shock (safe; 5% risk of failure)
Press: ? - help, Shift-Dir - straight line, f/p - quokka
Aim: a quokka (almost dead) That beam is likely to hit you.
Continue anyway?
Okay, then.
Casting: Shock (safe; 5% risk of failure)
Confirm with . or Enter, or press ? or * to list all spells.
Aiming: Shock (safe; 5% risk of failure)
Press: ? - help, Shift-Dir - straight line, f/p - quokka
Aim: a quokka (almost dead) That beam is likely to hit you.
Continue anyway?
The zap hits you.
You die...

........ .......#......
##....#.. .............
......... ...........#
......... .........#
.......... #......####
.......... ######........#
........######...##........#
.................###.#.....#
.........#......@# #.#.....#
.........#......r###...#####
.÷......##.........†........
........##....###......#####
..............# #......#
..............# #.........
..............# #..........
..............# #.....>.....
.##...........# #...........


You could see a quokka.

Vanquished Creatures
  A leopard gecko (D:2)
  A ball python (D:1)
  3 bats
  5 goblins
  3 hobgoblins
  5 jackals (D:2)
  2 quokkas (D:2)
  A frilled lizard (D:1)
  3 rats
24 creatures vanquished.

Notes
Turn   | Place    | Note
-------+----------+-------------------------------------------
     0 | D:1      | sagitran the Tengu Air Elementalist began the quest for the
                  | Orb.
     0 | D:1      | Reached XP level 1. HP: 10/10 MP: 4/4
   173 | D:1      | Reached XP level 2. HP: 9/15 MP: 3/6
   538 | D:2      | Found an ancient bone altar of Kikubaaqudgha.
   837 | D:2      | Reached XP level 3. HP: 13/19 MP: 7/7
  1170 | D:2      | Killed themself with a bounced zap

Illustrated notes

Levels and vault maps discovered:
D:1:      dpeg_arrival_tiny_i, layout_basic, st_stairs_13
D:2:      layout_basic, lemuel_doored_altar, first_ration

Action                   || total
-------------------------++-------
Melee: Club              ||    17
       Kick              ||     4
       Long sword        ||    11
       Peck              ||     1
 Cast: Shock             ||    26
 Stab: Sleeping          ||     2
  Eat: Chunk             ||     1
Armor: Robe              ||    10
Dodge: Dodged            ||    44
       Rpst.: Long sword ||     2
